 Dungeon Crawl Stone Soup version 0.15.2 (webtiles) character file.

105 Goblin1989 the Practitioner (level 4, -3/23 HPs)
             Began as a Vine Stalker Healer on May 25, 2017.
             Was a Believer of Elyvilon.
             Slain by Grinder (4 damage)
             ... while paralysed by Grinder
             ... on Level 3 of the Dungeon.
             The game lasted 00:07:56 (2076 turns).

Goblin1989 the Practitioner (Vine Stalker Healer)   Turns: 2076, Time: 00:07:56

HP  -3/23        AC  5     Str 14      XL: 4   Next: 83%
MP   0/6         EV  2     Int 12      God: Elyvilon [**....]
Gold 134         SH  0     Dex 15      Spells:  0 memorised,  3 levels left

rFire  . . .     SeeInvis .     n - +0 short sword
rCold  . . .     Clarity  .     a - +1 robe
rNeg   . . .     rCorr    .     (no shield)
rPois  .         rRot     +     (no helmet)
rElec  .         Spirit   +     c - +1 cloak
SustAb .         Warding  .     (no gloves)
rMut   +         Stasis   .     (no boots)
Gourm  .                        l - amulet of resist mutation
MR     .....                    (no ring)
                                (no ring)

@: paralysed, not resistant to hostile enchantments, unstealthy
A: fangs 2, regeneration 1, magic shield, antimagic bite, no device heal 3, rot
immunity
a: Lesser Healing, Lesser Self-Healing, Divine Protection, Purification,
Renounce Religion


You were on level 3 of the Dungeon.
You worshipped Elyvilon.
Elyvilon was pleased with you.
You were very hungry.

You visited 1 branch of the dungeon, and saw 3 of its levels.

You collected 134 gold pieces.

Inventory:

Hand weapons
 n - a +0 short sword (weapon)
Armour
 a - a +1 robe (worn)
 c - a +1 cloak (worn)
Comestibles
 d - 3 bread rations {@e1}
 f - 3 fruits
 p - a meat ration {@e2}
Scrolls
 i - 3 scrolls of identify {@r1}
 k - a scroll of blinking {unknown}
 m - a scroll of enchant armour {unknown}
 r - a scroll of fog {unknown}
Jewellery
 l - an amulet of resist mutation (around neck)
Potions
 b - 2 potions of curing {@q1}
 e - a potion of restore abilities
 g - a potion of poison {unknown}
 h - 2 potions of mutation {unknown}
 j - a potion of cure mutation {unknown}
 o - 2 potions of haste {unknown}
 q - 2 potions of resistance


   Skills:
 + Level 2.6 Fighting
 * Level 1.7 Short Blades
 + Level 2.1 Dodging
 + Level 1.8 Stealth
 - Level 2.6 Invocations


You had 3 spell levels left.
You didn't know any spells.

Dungeon Overview and Level Annotations

Branches:
Dungeon (3/15)

Altars:
Kikubaaqudgha
Okawaru

Annotations:
D:3 Grinder


Innate Abilities, Weirdness & Mutations

You have extremely sharp teeth.
Your natural rate of healing is unusually fast.
When hurt, damage is shared between your health and your magic reserves.
Your bite disrupts and absorbs the magic of your enemies.
Potions and wands cannot restore your health.
You are immune to rotting.


Message History

The giant mite bites you but does no damage.
You hit the giant mite. Your bite misses the giant mite.
The giant mite is almost dead.
The giant mite bites you but does no damage.
You barely miss the giant mite. You bite the giant mite. You drain its power.
You kill the giant mite!
You hit the giant cockroach but do no damage.
Your bite misses the giant cockroach.
The giant cockroach bites you but does no damage.
You hit the giant cockroach.
The giant cockroach is heavily wounded.
The giant cockroach misses you.
You hit the giant cockroach.
The giant cockroach is almost dead.
The giant cockroach completely misses you.
You hit the giant cockroach.
You kill the giant cockroach!
No target in view!
No target in view!
No target in view!
No target in view!
No target in view!
No target in view!
No target in view!
No target in view!
No target in view!
No target in view!
No target in view!
No target in view!
No target in view!
No target in view!
No target in view!
No target in view!
No target in view!
No target in view!
No target in view!
No target in view!
No target in view!
No target in view!
No target in view!
Things that are here:
a short sword x2
You offer a prayer to Elyvilon.
The short sword barely shimmers and breaks into pieces. x2
Elyvilon is pleased with you.
You open the door.
Found a stone staircase leading up.
No target in view!
There is an open door here.
There is a stone staircase leading up here.
You are feeling very hungry.
There is a stone staircase leading up here.
There is an open door here.
There is a stone staircase leading up here.
Marking area around Grinder as unsafe for travelling.
Grinder comes into view.
Grinder shouts!
Grinder says, "I used to sell toenails on the black market."
Grinder gestures at you. Pain shoots through your body!
You take 2 damage, and have 21/23 hp.
You now have 5/6 mp.
Unknown command.
Grinder gestures at you. You resist with significant effort.
Grinder says, "My boss said I was rubbish.
His entrails said otherwise."
Grinder gestures at you. Pain shoots through your body!
You take 4 damage, and have 17/23 hp.
You now have 4/6 mp.
Grinder hits you but does no damage.
You closely miss Grinder. Grinder gestures at you.
You resist with significant effort.
You hit Grinder but do no damage. You bite Grinder.
Grinder's magic leaks into the air.
You drain his magic.
You feel invigorated.
Grinder is lightly wounded.
Grinder hits you.
You writhe in agony.
* * * LOW HITPOINT WARNING * * *
You take 10 damage, and have 8/23 hp.
MASSIVE DAMAGE!!
You hit Grinder. Your bite misses Grinder.
Grinder is moderately wounded.
Grinder gestures.
Grinder blinks!
Grinder hits you.
* * * LOW HITPOINT WARNING * * *
You writhe in agony. x2
You take 1 damage, and have 7/23 hp.
You hit Grinder but do no damage. You bite Grinder.
Grinder's magic leaks into the air.
You drain his magic.
You feel invigorated.
Grinder is moderately wounded.
Grinder hits you.
* * * LOW HITPOINT WARNING * * *
You take 3 damage, and have 4/23 hp.
You now have 3/6 mp.
You barely miss Grinder.
Grinder is moderately wounded.
Grinder gestures at you.
You suddenly lose the ability to move!
Grinder hits you.
* * * LOW HITPOINT WARNING * * *
You writhe in agony.
You die...

##.#.#.#.#.### ...#.#.#
#.... .. #..#.#.#.#####
...#######..#.#.#......
........#..#.# #######
.###......#..#.#
......)...#..#.#
#####......#..#.#
.......5@.....#.#
#############.#.# #<#.#
#####.#.#
#######.......#
#....<'.......#
#.#####....%..# #.#
#.......# #.# #.......#


You could see Grinder.

Vanquished Creatures
  3 adders
  2 giant mites (D:3)
  A giant gecko (D:1)
  An orc (D:3)
  4 bats
  5 giant cockroaches
  4 goblins
  7 hobgoblins
  10 kobolds
  2 ball pythons
  10 jackals
  9 rats
58 creatures vanquished.

Notes
Turn   | Place    | Note
--------------------------------------------------------------
     0 | D:1      | Goblin1989, the Vine Stalker Healer, began the quest for the Orb.
     0 | D:1      | Reached XP level 1. HP: 9/9 MP: 1/1
    86 | D:1      | Reached skill level 1 in Fighting
   313 | D:1      | Reached XP level 2. HP: 12/15 MP: 3/3
   833 | D:1      | Reached XP level 3. HP: 15/19 MP: 5/5
  1156 | D:2      | Reached skill level 1 in Stealth
  1215 | D:2      | Reached skill level 1 in Short Blades
  1358 | D:2      | Reached XP level 4. HP: 6/23 MP: 6/6
  1443 | D:2      | Found an iron altar of Okawaru.
  1506 | D:2      | Found an ancient bone altar of Kikubaaqudgha.
  2065 | D:3      | Noticed Grinder
  2075 | D:3      | Paralysed by Grinder for 6 turns
  2076 | D:3      | HP: 1/23 [Grinder (4)]
  2076 | D:3      | Slain by Grinder

Action                   |  1- 3 |  4- 6 || total
-------------------------+-------+-------++-------
Melee: Unarmed           |    82 |       ||    82
       Dagger            |   123 |     1 ||   124
       Short sword       |     2 |    62 ||    64
  Use: Scroll            |     5 |     1 ||     6
 Stab: Sleeping          |       |     4 ||     4
  Eat: Chunk             |     1 |     2 ||     3

Vault maps used:
D:1:      matt_arrival_spirals
D:2:      okawaru_metal_pillars_1_2, kiku_gazebo_garden_becter, first_bread
D:3:      uniq_jessica, uniq_grinder
